 Dungeon Crawl Stone Soup version 0.28.0-43-g3370ac3207 (webtiles) character file.

Game seed: 960668549508466786

28 lonewolfV2 the Covered (level 3, -3/33 HPs)
             Began as a Minotaur Fighter on Mar 21, 2022.
             Slain by a gnoll
             ... wielding a +0 flail
              (6 damage)
             ... on level 2 of the Dungeon.
             The game lasted 00:01:06 (970 turns).

lonewolfV2 the Covered (Minotaur Fighter)            Turns: 970, Time: 00:01:06

Health: -3/33      AC:  7    Str: 22    XL:     3   Next: 0%
Magic:  2/2        EV:  9    Int:  5    God:
Gold:   68         SH:  4    Dex:  9    Spells: 2/2 levels left

rFire   . . .      SeeInvis .   a - +0 war axe
rCold   . . .      Faith    .   c - +0 buckler
rNeg    . . .      Spirit   .   b - +0 scale mail
rPois   +          Reflect  .   (helmet restricted)
rElec   .          Harm     .   (no cloak)
rCorr   .          Rampage  .   (no gloves)
Will    .....                   (no boots)
Stlth   ..........              (no amulet)
HPRegen 0.11/turn               e - ring of poison resistance
MPRegen 0.08/turn               (no ring)

@: no status effects
A: horns 2, retaliatory headbutt
a: no special abilities


You were on level 2 of the Dungeon.
You visited 1 branch of the dungeon, and saw 2 of its levels.

You collected 68 gold pieces.

Inventory:

Hand Weapons
 a - a +0 war axe (weapon)
Armour
 b - a +0 scale mail (worn)
 c - a +0 buckler (worn)
Jewellery
 e - a ring of poison resistance (left hand)
 j - a ring of positive energy
Scrolls
 f - a scroll of identify {unknown}
 g - a scroll of teleportation {unknown}
 h - 2 scrolls of magic mapping {unknown}
Potions
 d - a potion of might
 i - a potion of cancellation {unknown}
 k - a potion of invisibility {unknown}


   Skills:
 + Level 3.9 Fighting
 + Level 2.7 Axes
 + Level 4.2 Armour
 + Level 4.1 Shields


You had 2 spell levels left.
You didn't know any spells.
Your spell library was empty.

Dungeon Overview and Level Annotations

Branches:
Dungeon (2/15)

Altars:


Innate Abilities, Weirdness & Mutations

You have a pair of horns on your head.
You reflexively headbutt those who attack you in melee.


Message History

A gnoll comes into view. It is wielding a +0 club.
An ufetubus comes into view.
There are monsters nearby!
There are monsters nearby!
The ufetubus shouts!
A hobgoblin comes into view.
A gnoll comes into view. It is wielding a +0 flail.
The ufetubus misses you.
The ufetubus hits you but does no damage.
The ufetubus hits you. The ufetubus completely misses you.
The ufetubus closely misses you. You block the ufetubus's attack.
The gnoll throws a throwing net.
The throwing net hits you.
You become entangled in the net!
The ufetubus hits you but does no damage.
The ufetubus hits you.
You see here a throwing net.
You tear a large gash into the net.
The ufetubus hits you but does no damage.
The ufetubus closely misses you. The gnoll hits you with a +0 club!
The ufetubus hits you. The ufetubus barely misses you.
Unknown command.
Unknown command.
Unknown command.
You struggle against the net.
The gnoll hits you with a +0 flail! The ufetubus barely misses you.
The ufetubus hits you. The gnoll hits you with a +0 club.
* * * LOW HITPOINT WARNING * * *
You shred the net and break free!
The ufetubus hits you but does no damage.
The ufetubus closely misses you. The gnoll hits you with a +0 flail.
* * * LOW HITPOINT WARNING * * *
The gnoll barely misses you. You furiously retaliate!
You headbutt the gnoll! The ufetubus barely misses you.
The ufetubus closely misses you.
You closely miss the gnoll.
The gnoll is severely wounded.
You slash the gnoll! You barely miss the ufetubus.
You block the ufetubus's attack.
The ufetubus hits you but does no damage.
The gnoll hits you with a +0 flail.
You die...

### # ##.# # ..#
####### ... .......
#.# ###### #.#### #
###@##.#############
#.5gg...............
#..gg>...############
........##..# #
.........#...... #
..........#.....# ##
........#.......# #.
........#.#.....# #.
.................
####.


You could see 3 gnolls, an ufetubus and a hobgoblin.

Vanquished Creatures
  4 ball pythons
  2 bats (D:1)
  3 endoplasms
  A giant cockroach (D:1)
  2 goblins
  3 hobgoblins (D:1)
  4 jackals (D:2)
  A kobold (D:2)
  A quokka (D:1)
  A rat (D:1)
22 creatures vanquished.

Notes
Turn   | Place    | Note
-------+----------+-------------------------------------------
     0 | D:1      | lonewolfV2 the Minotaur Fighter began the quest for the
                  | Orb.
     0 | D:1      | Reached XP level 1. HP: 19/19 MP: 0/0
   348 | D:1      | Reached XP level 2. HP: 22/27 MP: 1/1
   898 | D:2      | Reached XP level 3. HP: 30/33 MP: 2/2
   970 | D:2      | Slain by a gnoll

Illustrated notes

Levels and vault maps discovered:
D:1:      dpeg_arrival_connections, layout_rooms
D:2:      layout_basic, chequers_ecumenical_altar_twisty, minmay_tetromino_t4

Skill      XL: |  1  2 |
---------------+-------+-----
Armour         | 4 |  4.2
Shields        | 4 |  4.1
Fighting       | |  3.9
Axes           | |  2.7

Action                   || total
-------------------------++-------
Melee: War axe           ||    47
       Headbutt          ||     6
Armor: Scale mail        ||    34
Dodge: Dodged            ||    38
Block: Buckler           ||    20
